 Dungeon Crawl Stone Soup version 0.31.0-2-g5a2aebc5c2 (webtiles) character file.

Game seed: 809279317597442319

569 bpung the Changeling (level 7, -5/66 HPs)
             Began as a Troll Shapeshifter on Jan 20, 2024.
             Was an Initiate of Trog.
             Slain by a hornet (12 damage)
             ... on level 6 of the Dungeon.
             The game lasted 00:07:36 (3496 turns).

bpung the Changeling (Troll Shapeshifter)           Turns: 3496, Time: 00:07:37

Health: -5/66      AC:  4    Str: 31    XL:     7   Next: 11%
Magic:  6/6        EV:  8    Int:  6    God:    Trog [......]
Gold:   348        SH: 11    Dex:  9    Spells: 6/6 levels left

rFire   . .          .
                       - Unarmed
rCold   . . .        k - +0 tower shield "Miwul" {Str+6 SInv}
rNeg    . . .        a - +0 animal skin
rPois   .            (helmet currently unavailable)
rElec   .            (cloak currently unavailable)
rCorr   .            (gloves unavailable)
SInv    +            (boots unavailable)
Will    .....        (no amulet)
Stlth   +            (no ring)
HPRegen 1.11/turn    (no ring)
MPRegen 0.10/turn

%: no passive effects
@: lethally poisoned (-5 -> -14), beast-form, hasted and slowed
A: beast (slay +2), large, unfitting armour, claws 3, regeneration 1, shaggy fur
1, tough skin 1
a: Begin Untransformation, Renounce Religion


You were on level 6 of the Dungeon.
You worshipped Trog.
Trog was noncommittal.
You were a hulking beast.
You visited 2 branches of the dungeon, and saw 8 of its levels.

You collected 348 gold pieces.

Inventory:

Armour
 a - a +0 animal skin (worn)
 k - the +0 tower shield "Miwul" (worn) {Str+6 SInv}
   (You acquired it on level 4 of the Dungeon)

   Str+6:     It affects your strength (+6).
   SInv:      It lets you see invisible.
Jewellery
 l - a ring of flight
Talismans
 c - a beast talisman
 d - a flux talisman
 m - a serpent talisman
Scrolls
 b - a scroll of blinking
 e - 3 scrolls of enchant weapon
 g - a scroll of teleportation
 j - 2 scrolls of silence
 p - 2 scrolls of identify
 q - 2 scrolls of immolation {unknown}
 r - a scroll of enchant armour {unknown}
Potions
 f - a potion of haste
 i - 2 potions of brilliance
 o - a potion of enlightenment


   Skills:
 + Level 2.5 Fighting
 + Level 2.9 Dodging
 + Level 2.3 Shields
 + Level 4.2 Unarmed Combat
 * Level 5.1 Shapeshifting


You had 6 spell levels left.
You didn't know any spells.
Your spell library was empty.

Dungeon Overview and Level Annotations

Branches:
Dungeon (7/15)             Temple (1/1) D:4

Altars:
Ashenzari
Cheibriados
Dithmenos
Elyvilon
Fedhas
Gozag
Kikubaaqudgha
Nemelex Xobeh
Okawaru
Qazlal
Ru
Trog
Uskayaw
Vehumet
Wu Jian
Yredelemnul
The Shining One


Innate Abilities, Weirdness & Mutations

You are a hulking beast.
Your limbs bulge with bestial killing power. (Slay +2)
You are too large for most types of armour.
You have claws for hands.
Your natural rate of healing is unusually fast.
You are covered in fur. (AC +1)
You have tough skin. (AC +1)


Message History

You feel sick. The hornet closely misses you. You block the hornet's attack.
The hornet stings you but does no damage.
Unknown command.
Okay, then.
Blink to where?
Press: ? - help, Dir - move target
As you read the scroll of blinking, it crumbles to dust.
You feel sick.
You feel sick.
You are no longer poisoned.
The hornet stings you but does no damage.
The hornet attacks as it pursues you!
The hornet stings you but does no damage.
The hornet barely misses you.
Okay, then.
You feel yourself speed up.
The hornet stings you but does no damage.
You block the hornet's attack.
You claw the hornet!
The hornet is heavily wounded.
You block the hornet's attack. The hornet stings you!
You feel as though you will be slow longer.
You barely miss the hornet.
The hornet is heavily wounded.
You block the hornet's attack. The hornet barely misses you.
You scratch the hornet.
The hornet is heavily wounded.
The hornet stings you.
You are poisoned.
You feel as though you will be slow longer.
The hornet stings you!
* * * LOW HITPOINT WARNING * * *
You are lethally poisoned!
You feel as though you will be slow longer.
You claw the hornet!
The hornet is severely wounded.
* * * LOW HITPOINT WARNING * * *
You feel extremely sick. The hornet stings you!
You die...

#.# ###.#######.
#...........
#.#$#######. #.#.#
#.##.#.# #......######
###.....y...#####+##
##.####h.....#...## ##
###.#.##..[...##
##.#.#.##.......##
#######....#.#.........#
.......!.......>.......+
######.................#
#.#.######.......# #.###
##.....## .. ##>..##


You could see a hornet.

Vanquished Creatures
  A phantom (D:6)
  A scorpion (D:5)
  5 killer bees (D:7)
  A bombardier beetle (D:4)
  An iguana (D:4)
  An orc wizard (D:5)
  6 adders
  A shadow imp (D:4)
  8 orcs
  5 ball pythons
  9 endoplasms
  3 giant cockroaches
  6 goblins
  7 hobgoblins
  5 quokkas
  8 bats
  A frilled lizard (D:3)
  3 kobolds
  4 rats
76 creatures vanquished.

Notes
Turn   | Place    | Note
-------+----------+-------------------------------------------
     0 | D:1      | bpung the Troll Shapeshifter began the quest for the Orb.
     0 | D:1      | Reached XP level 1. HP: 18/18 MP: 0/0
    50 | D:1      | Reached skill level 1 in Fighting
    73 | D:1      | Reached XP level 2. HP: 27/27 MP: 1/1
   448 | D:1      | Reached XP level 3. HP: 32/33 MP: 2/2
   760 | D:2      | Identified the +7 spear of Xelatz {vamp, rF+}
  1389 | D:3      | Reached XP level 4. HP: 41/41 MP: 3/3
  1889 | D:3      | Reached skill level 1 in Shields
  2069 | D:4      | Identified a scroll of acquirement
  2069 | D:4      | Acquired the +0 tower shield "Miwul" {Str+6 SInv}
  2166 | D:4      | Found a staircase to the Ecumenical Temple.
  2178 | Temple   | Entered the Ecumenical Temple
  2370 | Temple   | Became a worshipper of Trog the Wrathful
  2636 | D:4      | Found a hide-covered altar of Uskayaw.
  2654 | D:4      | Reached skill level 4 in Shapeshifting
  2793 | D:4      | Reached XP level 5. HP: 48/49 MP: 4/4
  3185 | D:5      | Entered Level 5 of the Dungeon
  3247 | D:5      | Reached XP level 6. HP: 46/57 MP: 5/5
  3267 | D:5      | Found a sacrificial altar of Ru.
  3279 | D:5      | You fall into a shaft and drop 2 floors!
  3467 | D:6      | Reached skill level 5 in Shapeshifting
  3467 | D:6      | Reached XP level 7. HP: 65/66 MP: 6/6
  3482 | D:6      | Noticed a hornet
  3496 | D:6      | Slain by a hornet

Illustrated notes

Levels and vault maps discovered:
D:1:      minmay_arrival_radiant_lines, layout_loops_cross
D:2:      layout_basic
D:3:      layout_basic, minmay_cupped
D:4:      layout_loops_corners, eat_drink_and_be_merry_uskayaw, temple_green,
          grunt_ministairs_6, hangedman_abyss_or_decor_stabs,
          chequers_serial_rivers_small_b
D:5:      layout_cave_pools, mainiacjoe_overflow_boulevard
D:6:      layout_loops_corners, nicolae_overflow_squiral, uniq_blork_the_orc
D:7:      layout_basic, minmay_misc_feat_iff, minmay_manual_mess
Temple:   nicolae_temple_superstar

Skill      XL: |  1  2  3  4  5  6 |
---------------+-------------------+-----
Fighting       | 1 2 |  2.5
Dodging        | 2 |  2.9
Shields        | 1 2 |  2.3
Shapeshifting  | 4 5 |  5.1
Unarmed Combat | 4 |  4.2

Action                     |  1- 3 |  4- 6 |  7- 9 || total
---------------------------+-------+-------+-------++-------
  Melee: Unarmed           |   112 |    79 |     8 ||   199
    Use: Scroll            |     7 |     3 |     1 ||    11
         Potion            |     5 |     2 |     1 ||     8
 Armour: Animal skin       |    88 |    46 |    13 ||   147
  Dodge: Dodged            |    46 |    27 |     4 ||    77
  Block: Kite shield       |    37 |     6 |       ||    43
         Tower shield      |       |    36 |     5 ||    41
